 Dungeon Crawl Stone Soup version 0.30.1-9-gdf580d7c3d (webtiles) character file.

Game seed: 2877175682064773538

93 booth the Chopper (level 4, -5/41 HPs)
             Began as a Hill Orc Monk on Sept 28, 2023.
             Slain by a gnoll
             ... wielding a +0 whip
              (8 damage)
             ... on level 3 of the Dungeon.
             The game lasted 00:13:07 (2282 turns).

booth the Chopper (Hill Orc Monk)                   Turns: 2282, Time: 00:13:07

Health: -5/41      AC:  3    Str: 15    XL:     4   Next: 61%
Magic:  5/5        EV: 12    Int: 10    God:
Gold:   151        SH:  0    Dex: 13    Spells: 3/3 levels left

rFire   . . .        a - +0 hand axe
rCold   . . .        d - orb {light}
rNeg    . . .        b - +0 robe
rPois   .            h - +0 helmet
rElec   .            (no cloak)
rCorr   .            (no gloves)
SInv    .            (no boots)
Will    .....        (no amulet)
Stlth   +            (no ring)
HPRegen 0.26/turn    (no ring)
MPRegen 0.09/turn

%: no passive effects
@: glowing
A: no striking features
a: no special abilities


You were on level 3 of the Dungeon.
You visited 1 branch of the dungeon, and saw 3 of its levels.

You collected 151 gold pieces.

Inventory:

Hand Weapons
 a - a +0 hand axe (weapon)
 j - a +0 mace
Missiles
 m - 2 boomerangs (quivered)
Armour
 b - a +0 robe (worn)
 d - an orb of light (worn)
 h - a +0 helmet (worn)
 i - the +4 chain mail of the Realm of Zot {-Tele Will++ Int+4}
   (You found it on level 2 of the Dungeon)

   Int:       It affects your intelligence (+4).
   -Tele:     It prevents most forms of teleportation.
   Will:      It greatly increases your willpower.
Jewellery
 n - a ring of flight
Scrolls
 l - a scroll of fog
Potions
 c - a potion of ambrosia
 e - a potion of attraction
 f - a potion of magic {unknown}
 g - a potion of flight {unknown}
 k - a potion of heal wounds {unknown}
 q - a potion of lignification


   Skills:
 + Level 4.4 Fighting
 * Level 5.3 Axes
 + Level 3.0 Dodging
 + Level 1.7 Invocations


You had 3 spell levels left.
You didn't know any spells.
Your spell library contained the following spells:

 Spells                   Type           Power      Damage    Failure   Level
 Summon Small Mammal      Summ           0%         N/A       36%         1
 Call Canine Familiar     Summ           0%         N/A       75%         3
 Summon Guardian Golem    Hex/Summ       0%         N/A       75%         3


Dungeon Overview and Level Annotations

Branches:
Dungeon (3/15)

Altars:
Nemelex Xobeh


Message History

The gnoll is severely wounded.
A gnoll comes into view. It is wielding a +0 halberd.
The gnoll shouts!
You hit the gnoll.
The gnoll is lightly wounded.
Throw: 2 boomerangs
Press: ? - help, Q - select action Shift-Dir - straight line, f - gnoll
Aim: a gnoll, wielding a +0 club (lightly wounded, haloed, 82% to hit)
You throw a boomerang. The boomerang barely misses the gnoll.
The boomerang hits the gnoll.
The gnoll is almost dead.
The gnoll hits you with a +0 club.
You hit the gnoll but do no damage.
The gnoll is lightly wounded.
The gnoll hits you with a +0 club.
You hit the gnoll.
The gnoll is moderately wounded.
The gnoll hits you with a +0 club.
You hit the gnoll.
The gnoll is heavily wounded.
The gnoll hits you with a +0 club.
You hit the gnoll.
The gnoll is heavily wounded.
The gnoll barely misses you. x2
The gnoll misses you.
You hit the gnoll.
The gnoll is severely wounded.
You hit the gnoll. The gnoll barely misses you. The gnoll closely misses you.
You hit the gnoll.
You kill the gnoll!
You barely miss the gnoll.
You hear the slow rusting of a very distant drain.
The gnoll hits you with a +0 whip.
Your Dodging skill increases to level 3!
The gnoll hits you with a +0 whip. The gnoll barely misses you.
The gnoll completely misses you. The gnoll hits you with a +0 whip.
The gnoll hits you from afar with a +0 halberd!
* * * LOW HITPOINT WARNING * * *
The gnoll attacks as you move away! The gnoll hits you with a +0 whip!
You die...

####### #.....#
#.###)# ##.###.###
#### ##.....@..#
#..## ###...##.gg##
#...####....###g#)#
#.<..#...###....#.#
#......#)....##...#
#.........#.###..##
#....#.#....# #..
.....#.#..####...
.........## #..#


You could see 3 gnolls.

Vanquished Creatures
  A gnoll (D:3)
  2 adders (D:2)
  A dart slug (D:1)
  2 bats
  6 endoplasms
  7 giant cockroaches
  8 goblins
  6 hobgoblins
  7 jackals (D:1)
  2 kobolds (D:1)
  5 ball pythons
  2 frilled lizards
  5 rats
54 creatures vanquished.

Notes
Turn   | Place    | Note
-------+----------+-------------------------------------------
     0 | D:1      | booth the Hill Orc Monk began the quest for the Orb.
     0 | D:1      | Reached XP level 1. HP: 19/19 MP: 1/1
    53 | D:1      | Found a faded altar of an unknown god.
   126 | D:1      | Reached XP level 2. HP: 17/27 MP: 2/2
   396 | D:1      | Reached XP level 3. HP: 33/33 MP: 3/3
   839 | D:1      | Reached skill level 1 in Invocations
  1122 | D:2      | Identified the +4 chain mail of the Realm of Zot {-Tele
                  | Will++ Int+4}
  1276 | D:2      | Reached skill level 5 in Axes
  1276 | D:2      | Reached XP level 4. HP: 30/40 MP: 3/5
  1594 | D:2      | Found a sparkling altar of Nemelex Xobeh.
  2258 | D:3      | Identified the +7 short sword "Q" {elec, Stlth+}
  2282 | D:3      | Slain by a gnoll

Illustrated notes

Levels and vault maps discovered:
D:1:      shiori_arrival_elements, layout_loops_ring, serial_rivers,
          chequers_serial_rivers_small_3, chequers_serial_rivers_micro_b,
          chequers_serial_rivers_micro_e, chequers_serial_rivers_large_a,
          chequers_serial_rivers_small_b, ebering_ecumenical_altar_ruins,
          minmay_cut_off
D:2:      layout_basic, basic_altar, corexii_shack
D:3:      layout_rooms, old_standard_altar, gup_sewer_entry_bubbles,
          serial_shops, nicolae_shop_rolling_square, minmay_lizard_king

Skill      XL: |  1  2  3  4 |
---------------+-------------+-----
Fighting       | 4 |  4.4
Invocations    | 1 |  1.7
Axes           | 5 |  5.3
Dodging        | 3 |  3.0

Action                     |  1- 3 |  4- 6 || total
---------------------------+-------+-------++-------
  Melee: Hand axe          |   112 |    57 ||   169
  Throw: Boomerang         |       |     1 ||     1
    Use: Scroll            |     1 |     4 ||     5
         Potion            |       |     1 ||     1
 Armour: Robe              |    36 |    12 ||    48
  Dodge: Dodged            |    72 |    34 ||   106
